 Dungeon Crawl Stone Soup version 0.30-a0-4-ga7cffc901d (webtiles) character file.

Game seed: 16069026055840016927

11 frimble the Digger (level 2, 0/19 HPs)
             Began as a Demonspawn Earth Elementalist on Aug 20, 2022.
             Killed from afar by a dart slug (3 damage)
             ... with a slug dart
             ... on level 1 of the Dungeon.
             The game lasted 00:00:49 (381 turns).

frimble the Digger (Demonspawn Earth Elementalist)   Turns: 381, Time: 00:00:49

Health: 0/19       AC:  2    Str:  8    XL:     2   Next: 17%
Magic:  0/5        EV: 12    Int: 16    God:
Gold:   49         SH:  0    Dex: 13    Spells: 4/5 levels left

rFire   . . .      SeeInvis .    c - +0 dagger
rCold   . . .      Faith    .    (no shield)
rNeg    . . .      Spirit   .    a - +0 robe
rPois   .          Reflect  .    (helmet restricted)
rElec   .          Harm     .    (no cloak)
rCorr   .          Rampage  .    (no gloves)
Will    .....                    (no boots)
Stlth   ++........               (no amulet)
HPRegen 0.06/turn                (no ring)
MPRegen 0.09/turn                (no ring)

@: no status effects
A: antennae 1
a: no special abilities


You were on level 1 of the Dungeon.
You visited 1 branch of the dungeon, and saw 1 of its levels.

You collected 49 gold pieces.

Inventory:

Hand Weapons
 c - a +0 dagger (weapon)
Armour
 a - a +0 robe (worn)
Potions
 b - a potion of magic
 d - a potion of lignification {unknown}


   Skills:
 - Level 1.7 Dodging
 - Level 1.7 Stealth
 - Level 2.0 Spellcasting
 + Level 2.0 Transmutations
 - Level 2.6 Earth Magic


You had 4 spell levels left.
You knew the following spells:

 Your Spells              Type           Power      Damage    Failure   Level
a - Sandblast             Erth           20%        2d7       7%          1

Your spell library contained the following spells:

 Spells                   Type           Power      Damage    Failure   Level
 Passwall                 Tmut/Erth      7%         N/A       12%         2
 Stone Arrow              Conj/Erth      10%        3d7       34%         3
 Petrify                  Tmut/Erth      9%         N/A       61%         4


Dungeon Overview and Level Annotations

Branches:
Dungeon (1/15)

Altars:


Innate Abilities, Weirdness & Mutations

You have a pair of small antennae on your head.


Message History

The giant cockroach barely misses you.
You hit the giant cockroach.
The giant cockroach is almost dead.
The giant cockroach barely misses you.
You hit the giant cockroach but do no damage.
The giant cockroach is almost dead.
The giant cockroach misses you.
You closely miss the giant cockroach.
The giant cockroach is almost dead.
The giant cockroach barely misses you.
You hit the giant cockroach but do no damage.
The giant cockroach is almost dead.
The giant cockroach barely misses you. The giant cockroach closely misses you.
You barely miss the giant cockroach.
The giant cockroach is almost dead.
The giant cockroach bites you.
* * * LOW HITPOINT WARNING * * *
You hit the giant cockroach but do no damage.
The giant cockroach is almost dead.
The giant cockroach barely misses you.
Aiming: Sandblast (safe; 7% risk of failure)
Press: ? - help, Q - select action Shift-Dir - straight line, f/p - dart slug
Aim: a dart slug (100% to hit)
The blast of sand hits the giant cockroach.
You kill the giant cockroach!
You hit the dart slug.
The dart slug is lightly wounded.
The dart slug barely misses you.
You hit the dart slug but do no damage.
The dart slug is lightly wounded.
You hit the dart slug but do no damage.
The dart slug is lightly wounded.
The dart slug launches a dart at you. The slug dart hits you.
* * * LOW HITPOINT WARNING * * *
You hit the dart slug.
The dart slug is lightly wounded.
The dart slug launches a dart at you. The slug dart hits you.
You die...

## #. # #.# # #.# ## #.# .#
.## #.# ># ..## ###.##### .#
...## ###.......# ###.######
....###.......(.#####.........
....'...........@w............
....###.....##..#####.....##.$
...## #.#.#.##..# #.........
..## #.#.#.##..# #h...8.⌠.8
.## #.#.#.##..# #..?...$.. ##
#.#.......# #....h._.⌠
#........## ##.#......
#####.### #.#.8.⌠.8 .#
#.#......


You could see a dart slug.

Vanquished Creatures
  A bat (D:1)
  A giant cockroach (D:1)
  A hobgoblin (D:1)
  2 jackals (D:1)
  4 ball pythons (D:1)
  A kobold (D:1)
10 creatures vanquished.

Notes
Turn   | Place    | Note
-------+----------+-------------------------------------------
     0 | D:1      | frimble the Demonspawn Earth Elementalist began the quest
                  | for the Orb.
     0 | D:1      | Reached XP level 1. HP: 13/13 MP: 3/3
    49 | D:1      | Reached skill level 1 in Transmutations
   337 | D:1      | Found a faded altar of an unknown god.
   351 | D:1      | Gained mutation: You have a pair of small antennae on your
                  | head. [demonic ancestry]
   351 | D:1      | Reached XP level 2. HP: 16/19 MP: 0/5
   381 | D:1      | Killed from afar by a dart slug

Illustrated notes

Levels and vault maps discovered:
D:1:      dpeg_arrival_radiant, layout_loops_corners,
          hellmonk_ecumenical_altar_dog_temple, minmay_tetromino_t4

Skill      XL: |  1  2 |
---------------+-------+-----
Transmutations | 1 2 |  2.0
Dodging        | |  1.7
Stealth        | |  1.7
Spellcasting   | |  2.0
Earth Magic    | |  2.6

Action                   || total
-------------------------++-------
Melee: Dagger            ||    29
       Unarmed           ||     1
 Cast: Sandblast         ||    14
  Use: Scroll            ||     1
Armor: Robe              ||    10
Dodge: Dodged            ||    26

Table legend: (Time is in decaauts)
 A = Elapsed time spent in this place.
 B = Non-inter-level travel time spent in this place.
 C = Inter-level travel time spent in this place.
 D = Time resting spent in this place.
 E = Time spent auto-exploring this place.
 F = Levels seen in this place.
 G = Mean time per level.
                   A        B        C        D        E       F      G
               +--------+--------+--------+--------+--------+-----+--------+
         Total |    387 |    387 |      0 |     18 |    278 |   1 |  387.0 |
       Dungeon |    387 |    387 |      0 |     18 |    278 |   1 |  387.0 |
               +--------+--------+--------+--------+--------+-----+--------+

Top non-repeatable levels by time:
     D:1: 387 daAuts
